 Dungeon Crawl Stone Soup version 0.20-a0-1121-gbb42413 (webtiles) character file.

118 mopl the Sneak (level 4, -3/25 HPs)
             Began as a Deep Elf Assassin on May 9, 2017.
             Slain by a goblin
             ... wielding a +0 dagger
             ... led by Robin
              (6 damage)
             ... on level 3 of the Dungeon on May 10, 2017.
             The game lasted 00:04:40 (3202 turns).

mopl the Sneak (Deep Elf Assassin)                  Turns: 3202, Time: 00:04:42

Health: -3/25      AC:  2    Str:  8    XL:     4   Next: 72%
Magic:  6/6        EV: 11    Int: 16    God:
Gold:   57         SH:  0    Dex: 17    Spells: 3/3 levels left

rFire    . . .     SeeInvis .   a - +2 dagger (venom)
rCold    . . .     Gourm    .   (no shield)
rNeg     . . .     Faith    .   c - +0 robe
rPois    .         Spirit   .   (no helmet)
rElec    .         Reflect  .   s - scarf {repulsion}
rCorr    .         Harm     .   (no gloves)
MR       .....                  (no boots)
Stlth    +++.......             (no amulet)
Regen    0.1/turn               y - ring of flight
MPRegen  0.1/turn               (no ring)

@: drained, repel missiles
A: no striking features
a: Evoke Flight


You were on level 3 of the Dungeon.
You were not hungry.

You visited 1 branch of the dungeon, and saw 3 of its levels.

You collected 57 gold pieces.

Inventory:

Hand Weapons
 a - a +2 dagger of venom (weapon)
 b - a +0 blowgun
Missiles
 e - 8 poisoned needles
 f - 2 curare-tipped needles
Armour
 c - a +0 robe (worn)
 s - a scarf of repulsion (worn)
Jewellery
 y - a ring of flight (left hand)
Scrolls
 d - a scroll of recharging {unknown}
 h - 2 scrolls of identify {unknown}
 i - 2 scrolls of enchant armour {unknown}
 j - 3 scrolls of noise {unknown}
 o - 2 scrolls of remove curse {unknown}
 p - a scroll of fear {unknown}
 t - a scroll of amnesia {unknown}
 v - 2 scrolls of immolation {unknown}
 w - a scroll of enchant weapon {unknown}
Potions
 k - a potion of haste {unknown}
 m - 2 potions of flight {unknown}
 q - 2 potions of might {unknown}
 r - a potion of invisibility {unknown}
 u - a potion of berserk rage {unknown}
Comestibles
 g - a bread ration
 l - 4 fruits
 n - 2 meat rations
 x - a royal jelly


   Skills:
 - Level 1.5(0.7) Fighting
 + Level 3.0(2.1) Short Blades
 + Level 3.0(2.2) Throwing
 - Level 1.2(0.4) Dodging
 * Level 6.4(5.5) Stealth


You had 3 spell levels left.
You didn't know any spells.

Dungeon Overview and Level Annotations

Branches:
Dungeon (3/15)

Altars:
Nemelex Xobeh

Annotations:
D:3 comborobin's ghost, novice GnSk


Message History

You hit Robin but do no damage.
Robin is severely wounded.
Robin throws the goblin at you!
Unknown command.
The goblin hits you with a dagger. The goblin hits you but does no damage.
Robin throws the goblin at you!
You closely miss the goblin. The goblin barely misses you. x2
The goblin misses you. Robin throws the goblin at you!
The goblin hits you with a dagger.
Unknown command.
You kill Robin!
Your base Short Blades skill increases to level 3!
The goblin hits you with a dagger.
* * * LOW HITPOINT WARNING * * *
The goblin closely misses you.
Unknown command.
The goblin hits you but does no damage. The goblin hits you with a dagger.
* * * LOW HITPOINT WARNING * * *
The goblin hits you with a dagger.
You die...

####### ######
#.....#######....#
###.#........##....#
#............##....#
#.###........##.@..#
#.......##......gg.#
...#######.#....gg.#
##.#.#...#.#.#..g..#
.....#.#.#.#.#g#.###
.#.#.#.#.#.#.#.#g#
...............g>.
.#.#.#.#.#(#.#.#...
..)).#.....#.#......


You could see 3 hobgoblins and 5 goblins.

Vanquished Creatures
  Robin (D:3)
  A gnoll (D:1)
  3 adders (D:2)
  4 worms
  2 leopard geckos (D:1)
  A ball python (D:1)
  A giant cockroach (D:1)
  8 hobgoblins
  7 jackals
  7 bats
  2 frilled lizards
  3 goblins
  7 kobolds
  9 rats
56 creatures vanquished.

Notes
Turn   | Place    | Note
-------+----------+-------------------------------------------
     0 | D:1      | mopl the Deep Elf Assassin began the quest for the Orb.
     0 | D:1      | Reached XP level 1. HP: 12/12 MP: 3/3
    55 | D:1      | Reached skill level 5 in Stealth
   162 | D:1      | Reached XP level 2. HP: 1/16 MP: 4/4
   814 | D:1      | Found a sparkling altar of Nemelex Xobeh.
   960 | D:1      | Reached XP level 3. HP: 20/20 MP: 5/5
  1573 | D:2      | Reached skill level 6 in Stealth
  1834 | D:2      | Reached XP level 4. HP: 7/25 MP: 6/6
  2566 | D:2      | Upgraded the game from 0.20-a0-1117-g62da73f to 0.20-a0-1121-gbb42413
  2706 | D:3      | Reached skill level 3 in Throwing
  2760 | D:3      | Noticed comborobin's ghost (novice GnSk)
  2769 | D:3      | Noticed Robin
  3200 | D:3      | Killed Robin
  3200 | D:3      | Reached skill level 3 in Short Blades
  3202 | D:3      | Slain by a goblin

Vault maps used:
D:1:      eino_arrival_cavern_c, nemelex_diamond_rough_becter
D:3:      okawaru_altar_gauntlet_db, tgw_trog, uniq_robin

Skill      XL: |  1  2  3  4 |
---------------+-------------+-----
Stealth        | 5 6 |  6.4
Throwing       | 3 |  3.0
Short Blades   | 3 |  3.0
Fighting       | |  1.5
Dodging        | |  1.2

Action                   |  1- 3 |  4- 6 || total
-------------------------+-------+-------++-------
Melee: Dagger            |    62 |    70 ||   132
 Fire: Blowgun           |     5 |       ||     5
 Stab: Sleeping          |     8 |     3 ||    11
       Distracted        |       |     1 ||     1
  Eat: Chunk             |     3 |     4 ||     7
Armor: Robe              |    21 |    12 ||    33
Dodge: Dodged            |    42 |    34 ||    76
       Deflected         |       |     3 ||     3
